[Event "23rd Hoogeveen Open 2019"]
[Site "Hoogeveen"]
[Date "2019.10.26"]
[Round "9.15"]
[White "Emans, Job"]
[Black "Elgersma, Onno"]
[Result "0-1"]
[ECO "E05"]
[WhiteElo "2028"]
[BlackElo "2306"]
[Annotator "NA"]
[PlyCount "149"]
[EventDate "2019.10.19"]
[EventType "swiss"]
[EventCountry "NED"]
[SourceTitle "playchess.com"]
[Source "ChessBase"]
[SourceQuality "1"]
[TimeControl "40/5400+30:1800+30"]

1. d4 d5 2. c4 e6 3. Nf3 Nf6 4. g3 Be7 5. Bg2 O-O 6. O-O dxc4 7. Qc2 a6 8. Qxc4 b5 9. Qc2 Bb7 10. Bd2 Be4 11. Qb3 Nc6 12. e3 b4 13. Rc1 Bd5 {[%emt 0:09:50] [#]} (13... Rb8 $11) 14. Qc2 (14. Qa4 $1 $16) 14... Rc8 $11 15. Ng5 Bxg2 16. Kxg2 Nb8 17. a3 c5 18. Nf3 Qd7 19. Qb3 cxd4 20. Rxc8 Rxc8 21. Nxd4 bxa3 22. Nxa3 Ne4 23. Be1 Nc5 24. Qd1 Qb7+ 25. Kg1 Qxb2 26. Nc4 Qb7 27. Rb1 Qe4 28. Bb4 Nbd7 29. f3 Qd5 30. Qe2 Rb8 31. Qc2 h6 32. Kg2 Bf6 33. Ne2 a5 34. Rd1 Qc6 35. Bxa5 Nb3 36. Qe4 Qxe4 37. fxe4 Ndc5 38. Kf3 Nxa5 39. Nxa5 Ra8 40. Nc6 Ra6 41. Ncd4 Nd7 42. h3 Ne5+ 43. Kf2 Ra3 44. Nb5 Rb3 45. Nbd4 Rb2 46. Nf3 Nc4 47. Rd3 g6 48. Kf1 Kg7 49. Kf2 h5 50. Kf1 Rb4 51. Nfd4 Nxe3+ 52. Rxe3 Bxd4 53. Nxd4 Rxd4 54. e5 Rd2 55. Rf3 g5 56. Ke1 Rh2 57. Kf1 Rh1+ 58. Kf2 Ra1 59. Re3 Ra5 60. Kf3 Kg6 61. g4 h4 62. Ke4 Ra4+ 63. Kf3 Rf4+ 64. Ke2 Kg7 65. Ke1 Kf8 66. Ke2 Ke7 67. Kd2 Rf2+ 68. Kc3 Rg2 69. Kc4 Rg3 70. Kd4 Kd7 71. Ke4 Rxe3+ 72. Kxe3 Kc6 73. Kd4 Kb5 74. Ke3 Kc4 75. Ke4 0-1

[Event "23rd Hoogeveen Open 2019"]
[Site "Hoogeveen"]
[Date "2019.10.26"]
[Round "9.16"]
[White "Van Dael, Siem"]
[Black "Van Foreest, Machteld"]
[Result "0-1"]
[ECO "A00"]
[WhiteElo "2273"]
[BlackElo "2142"]
[Annotator "NA"]
[PlyCount "80"]
[EventDate "2019.10.19"]
[EventType "swiss"]
[EventCountry "NED"]
[SourceTitle "playchess.com"]
[Source "ChessBase"]
[SourceQuality "1"]
[TimeControl "40/5400+30:1800+30"]

1. h4 e5 2. c4 Nf6 3. Nc3 Nc6 4. g3 d5 5. cxd5 Nxd5 6. Bg2 Be6 7. Nf3 f6 8. d3 Qd7 9. O-O O-O-O 10. d4 Qe8 11. e4 Nxc3 12. bxc3 exd4 13. Nxd4 Qd7 (13... Bc5 $5 14. Be3 Kb8 $15) 14. Qc2 Nxd4 15. cxd4 Qxd4 16. Rb1 {[%emt 0:01:01] [#]} Qd3 $1 17. Qb2 $17 b6 18. a4 Bc5 19. Bf4 Bd4 20. Qb4 Bc5 21. Qe1 g5 22. Be3 Bxe3 23. fxe3 Rhf8 24. Qc1 gxh4 25. Qc6 Qc4 26. Qb5 Rd2 27. Qxc4 Bxc4 28. Rf4 Rg8 29. Rf2 Rxf2 30. Kxf2 hxg3+ 31. Kf3 Be6 32. Rh1 h5 33. Rh4 Bd7 34. a5 bxa5 35. Rh1 a4 36. Kf4 Rg4+ 37. Kf3 Rg5 38. Kf4 a3 39. Rf1 a2 40. Rf3 Rg4# 0-1

[Event "23rd Hoogeveen Open 2019"]
[Site "Hoogeveen"]
[Date "2019.10.26"]
[Round "9.17"]
[White "Djukic, Sandra"]
[Black "Vogel, Jaap"]
[Result "0-1"]
[ECO "A91"]
[WhiteElo "2179"]
[BlackElo "2123"]
[Annotator "NA"]
[PlyCount "120"]
[EventDate "2019.10.19"]
[EventType "swiss"]
[EventCountry "NED"]
[SourceTitle "playchess.com"]
[Source "ChessBase"]
[SourceQuality "1"]
[TimeControl "40/5400+30:1800+30"]

1. d4 e6 2. c4 f5 3. g3 Nf6 4. Bg2 c6 5. Nh3 d6 6. O-O Be7 7. Nc3 d5 8. b3 O-O 9. Bb2 Bd7 10. e3 b5 $16 11. Qe2 a6 12. a3 Be8 13. Nf4 Bf7 14. Nd3 Nbd7 15. c5 a5 16. f3 Qc7 17. b4 axb4 18. axb4 Rxa1 19. Rxa1 Re8 20. Nb1 Qb7 21. Nd2 Ra8 22. Rxa8+ Qxa8 23. Nb3 Bd8 24. Qc2 Qa2 25. Ndc1 Qa4 26. Bc3 Bc7 27. Qb2 g5 28. Na5 Qd1+ 29. Kf2 Nb8 30. Qd2 Qa4 31. e4 f4 32. e5 Nh5 33. g4 Ng7 34. h4 gxh4 35. Nab3 Na6 36. Qxf4 Nxb4 37. Qd2 Na6 38. Bf1 Bg6 39. Bd3 b4 40. Bb2 Bd8 41. f4 Nc7 42. Qc2 Bxd3 43. Qxd3 h5 44. g5 Nf5 45. Qd1 Ng3 46. Kg2 Ne8 47. Kh3 Ng7 48. Kxh4 N3f5+ 49. Kh3 Ne3 50. Qd3 Ngf5 51. Qe2 Ng4 52. Na1 Kg7 53. Nab3 Kg6 54. Kg2 Nge3+ 55. Kh3 Nc4 56. Qc2 Qb5 57. Nd2 b3 58. Ncxb3 Nxb2 59. Qxb2 Qe2 60. Qc3 Ne3 0-1

[Event "23rd Hoogeveen Open 2019"]
[Site "Hoogeveen"]
[Date "2019.10.26"]
[Round "9.18"]
[White "Takawira, Erick"]
[Black "Giacomini, Hector"]
[Result "1/2-1/2"]
[ECO "B19"]
[WhiteElo "2101"]
[BlackElo "2145"]
[Annotator "NA"]
[PlyCount "127"]
[EventDate "2019.10.19"]
[EventType "swiss"]
[EventCountry "NED"]
[SourceTitle "playchess.com"]
[Source "ChessBase"]
[SourceQuality "1"]
[TimeControl "40/5400+30:1800+30"]

1. e4 c6 2. d4 d5 3. Nc3 dxe4 4. Nxe4 Bf5 5. Ng3 Bg6 6. h4 h6 7. Nf3 Nd7 8. h5 Bh7 9. Bd3 Bxd3 10. Qxd3 e6 11. Bf4 Ngf6 12. O-O-O Be7 13. Ne5 O-O 14. Rhe1 {[%emt 0:00:06] B19: Classical Caro-Kann: 4...Bf5 main line} a5 {[%emt 0:10:52] [#]} 15. Ne4 $146 ({Predecessor:} 15. c4 a4 16. Kb1 a3 17. b3 Qa5 18. Bd2 Bb4 19. f4 Rad8 20. Bxb4 Qxb4 {0-1 (38) Hracek,Z (2650)-Rogers,I (2580) Germany 1996}) 15... Nxe4 16. Qxe4 Nf6 17. Qe2 a4 18. Ng6 Re8 19. Nxe7+ Rxe7 20. Be5 Rd7 21. g4 (21. a3 $11) 21... Nh7 $11 (21... a3 $17 22. b3 b5) 22. Qe3 b5 23. Rg1 f6 24. Bf4 Re7 25. Qa3 Rd7 26. Qc5 Rc8 27. Rge1 Rd5 28. Qc3 Qd7 29. Be3 Rd8 30. Rd3 f5 31. gxf5 Rxf5 32. Rg1 Rxh5 33. Bf4 Qd5 34. Rdg3 Rd7 35. b3 Nf6 36. Qe3 Kh7 37. Be5 Rf5 38. Rg6 axb3 39. axb3 Qf3 40. R1g2 Qxe3+ 41. fxe3 h5 42. e4 Rf1+ 43. Kb2 Rf7 44. R6g5 Rh1 45. Bxf6 gxf6 46. Rc5 Kh6 47. Rxc6 h4 48. Rxe6 h3 49. Rg3 Kh5 50. Re8 Kh4 51. Rf3 Kg4 52. Rf5 Rg7 53. Rh8 Kg3 54. Rxf6 Rg4 55. d5 Rxe4 56. Rg6+ Rg4 57. Rxg4+ Kxg4 58. c4 b4 59. d6 Rd1 60. c5 Rd2+ 61. Kb1 Rd1+ 62. Kb2 Rd2+ 63. Kb1 Rd1+ 64. Kb2 1/2-1/2

[Event "23rd Hoogeveen Open 2019"]
[Site "Hoogeveen"]
[Date "2019.10.26"]
[Round "9.19"]
[White "Sparenberg, Erik"]
[Black "Ypma, Jord"]
[Result "1/2-1/2"]
[ECO "D10"]
[WhiteElo "2142"]
[BlackElo "2013"]
[Annotator "NA"]
[PlyCount "38"]
[EventDate "2019.10.19"]
[EventType "swiss"]
[EventCountry "NED"]
[SourceTitle "playchess.com"]
[Source "ChessBase"]
[SourceQuality "1"]
[TimeControl "40/5400+30:1800+30"]

1. d4 d5 2. c4 c6 3. Nc3 Nf6 4. cxd5 cxd5 5. Bf4 Nc6 6. e3 a6 7. Bd3 Bg4 8. f3 Bh5 9. Nge2 e6 10. O-O Be7 11. Rc1 O-O 12. Na4 Nd7 13. Bg3 Bg5 14. Nf4 Bg6 $11 15. Qe2 Bxf4 16. Bxf4 Qf6 17. Nc5 Nxc5 18. dxc5 e5 19. Bg3 Qd8 1/2-1/2

[Event "23rd Hoogeveen Open 2019"]
[Site "Hoogeveen"]
[Date "2019.10.26"]
[Round "9.20"]
[White "Advait, Bagri"]
[Black "Faber, Hugo"]
[Result "1-0"]
[ECO "C05"]
[WhiteElo "2231"]
[BlackElo "2077"]
[Annotator "NA"]
[PlyCount "35"]
[EventDate "2019.10.19"]
[EventType "swiss"]
[EventCountry "NED"]
[SourceTitle "playchess.com"]
[Source "ChessBase"]
[SourceQuality "1"]
[TimeControl "40/5400+30:1800+30"]

1. e4 e6 2. d4 d5 3. Nd2 Nf6 4. e5 Ne4 5. Bd3 Nxd2 6. Bxd2 c5 7. dxc5 Nc6 8. Nf3 Bxc5 9. O-O Be7 10. c4 dxc4 11. Bxc4 Bd7 $16 12. Qe2 Qb6 13. Be3 Qa5 14. Rfd1 O-O-O 15. a3 Kb8 16. b4 Qc7 17. Rdc1 b6 18. Ba6 1-0

[Event "23rd Hoogeveen Open 2019"]
[Site "Hoogeveen"]
[Date "2019.10.26"]
[Round "9.21"]
[White "Adocchio, Giampiero"]
[Black "Stock, Andreas"]
[Result "1-0"]
[ECO "A43"]
[WhiteElo "2184"]
[BlackElo "2076"]
[Annotator "NA"]
[PlyCount "93"]
[EventDate "2019.10.19"]
[EventType "swiss"]
[EventCountry "NED"]
[SourceTitle "playchess.com"]
[Source "ChessBase"]
[SourceQuality "1"]
[TimeControl "40/5400+30:1800+30"]

1. d4 Nf6 2. Nf3 c5 3. d5 b5 4. c3 e6 5. e4 Nxe4 6. Bxb5 Bb7 7. dxe6 fxe6 8. Qe2 Be7 9. Bd3 Nf6 10. O-O O-O $14 11. Nbd2 a5 12. a4 Ba6 13. Nc4 Nc6 14. Rd1 Qc7 15. g3 Nd5 16. Qe4 Rf5 17. Nh4 Nf6 18. Qe2 Rd5 19. b3 Qb7 20. Ra3 Bxc4 21. bxc4 Rh5 22. f4 e5 23. Be4 exf4 24. Bd5+ Kh8 25. Bxf4 Re8 26. Bf7 Rxh4 27. gxh4 Rf8 28. Bd5 Nxd5 29. cxd5 Rxf4 30. dxc6 Qxc6 31. c4 Re4 32. Qg2 Bf6 33. Rad3 Bd4+ 34. Kh1 Qe6 35. Rf1 h6 36. Qc2 Bf6 37. Rxd7 Qxc4 38. Qb1 Qe2 39. Rdd1 Qg4 40. Rxf6 gxf6 41. Rd8+ Kh7 42. Qb7+ Kg6 43. Rg8+ Kh5 44. Rxg4 Rxg4 45. Qb5 Kxh4 46. Qxa5 c4 47. Qc3 1-0

[Event "23rd Hoogeveen Open 2019"]
[Site "Hoogeveen"]
[Date "2019.10.26"]
[Round "9.22"]
[White "Boersma, Jan"]
[Black "De Boer, Bas"]
[Result "1/2-1/2"]
[ECO "B30"]
[WhiteElo "2070"]
[BlackElo "2142"]
[Annotator "ChessBase"]
[PlyCount "27"]
[EventDate "2019.10.19"]
[EventType "swiss"]
[EventCountry "NED"]
[SourceTitle "playchess.com"]
[Source "ChessBase"]
[SourceQuality "1"]
[TimeControl "40/5400+30:1800+30"]

1. e4 c5 2. Nf3 e6 3. Nc3 Nc6 4. Bb5 Nge7 5. O-O a6 6. Bxc6 Nxc6 7. d4 cxd4 8. Nxd4 Qc7 9. Re1 Bd6 10. h3 Nxd4 11. Qxd4 Be5 12. Qd3 b5 13. Be3 O-O 14. Bd4 1/2-1/2

[Event "23rd Hoogeveen Open 2019"]
[Site "Hoogeveen"]
[Date "2019.10.26"]
[Round "9.23"]
[White "Van der Velde, Henk"]
[Black "Albers, Sasa"]
[Result "1/2-1/2"]
[ECO "A27"]
[WhiteElo "2118"]
[BlackElo "1975"]
[Annotator "NA"]
[PlyCount "96"]
[EventDate "2019.10.19"]
[EventType "swiss"]
[EventCountry "NED"]
[SourceTitle "playchess.com"]
[Source "ChessBase"]
[SourceQuality "1"]
[TimeControl "40/5400+30:1800+30"]

1. c4 e5 2. g3 Nc6 3. Nc3 f5 4. Nf3 Nf6 5. d4 e4 6. Nh4 d6 7. Bh3 g6 8. Bg5 Bg7 9. Qd2 O-O 10. O-O Qe8 11. Rad1 Qf7 12. b3 Bd7 13. Ng2 Rae8 $11 14. Bh6 Nh5 15. Bxg7 Qxg7 16. Nf4 Nxf4 17. gxf4 Nd8 18. e3 Nf7 19. Bg2 c6 20. Kh1 Nh6 21. Rg1 Ng4 22. Bh3 Qh6 23. Bxg4 fxg4 24. Ne2 d5 25. cxd5 cxd5 26. Qa5 Bc6 27. Ng3 Qg7 28. a4 b6 29. Qb4 Qd7 30. Rc1 Rc8 31. Rc2 Bb7 32. Rgc1 Ba6 33. Kg2 h5 34. Rxc8 Rxc8 35. Rxc8+ Bxc8 36. Ne2 g3 37. fxg3 Qh3+ 38. Kg1 Bg4 39. Qe1 Bf3 40. Qf1 Qg4 41. Kf2 h4 42. Nc3 Qc8 43. Qb5 hxg3+ 44. hxg3 Qxc3 45. Qe8+ Kh7 46. Qe7+ Kh8 47. Qf8+ Kh7 48. Qe7+ Kg8 1/2-1/2

[Event "23rd Hoogeveen Open 2019"]
[Site "Hoogeveen"]
[Date "2019.10.26"]
[Round "9.24"]
[White "Nicolai, Amir"]
[Black "De Winter, Arthur"]
[Result "1-0"]
[ECO "B20"]
[WhiteElo "2117"]
[BlackElo "1896"]
[Annotator "NA"]
[PlyCount "41"]
[EventDate "2019.10.19"]
[EventType "swiss"]
[EventCountry "NED"]
[SourceTitle "playchess.com"]
[Source "ChessBase"]
[SourceQuality "1"]
[TimeControl "40/5400+30:1800+30"]

1. e4 c5 2. b4 cxb4 3. a3 d5 4. exd5 Qxd5 5. Nf3 e6 6. Bb2 bxa3 7. Nxa3 Nc6 8. Nb5 Qd8 9. Ne5 Nf6 $14 10. Qf3 Nb4 11. Rxa7 Rxa7 12. Nxa7 Bc5 13. Bb5+ Kf8 14. Nxc8 Qxc8 15. O-O Be7 16. Ra1 Kg8 17. c4 h5 18. Ra7 Qd8 19. d4 Nc2 20. Qxb7 Nxd4 21. Ra8 1-0

[Event "23rd Hoogeveen Open 2019"]
[Site "Hoogeveen"]
[Date "2019.10.26"]
[Round "9.25"]
[White "Hoffman, Ron"]
[Black "Van Dorp, Folke"]
[Result "0-1"]
[ECO "A15"]
[WhiteElo "1991"]
[BlackElo "2086"]
[Annotator "NA"]
[PlyCount "92"]
[EventDate "2019.10.19"]
[EventType "swiss"]
[EventCountry "NED"]
[SourceTitle "playchess.com"]
[Source "ChessBase"]
[SourceQuality "1"]
[TimeControl "40/5400+30:1800+30"]

1. Nf3 Nf6 2. c4 g6 3. b3 Bg7 4. Bb2 O-O 5. g3 d5 6. cxd5 Qxd5 7. Bg2 Nc6 8. O-O Qh5 $11 9. d3 Bh3 10. Nbd2 Rad8 11. Rc1 e5 12. Qc2 Ng4 13. Qc4 Bxg2 14. Kxg2 e4 15. Bxg7 exf3+ 16. Nxf3 Kxg7 17. h3 Nge5 18. Qc3 Kg8 19. Nxe5 Nxe5 20. Qxc7 Qxe2 21. Qxb7 Nxd3 22. Ra1 a5 23. Qf3 Qxf3+ 24. Kxf3 Nb4 25. Rfc1 Rd2 26. Rc5 Rxf2+ 27. Kxf2 Nd3+ 28. Ke3 Nxc5 29. Kd4 Ne6+ 30. Kc4 Rd8 31. Re1 Rd2 32. a3 Rc2+ 33. Kb5 Rc3 34. b4 axb4 35. Kxb4 Rxg3 36. a4 Rxh3 37. a5 Rh2 38. Ra1 Nc7 39. Rc1 Nd5+ 40. Kb5 Rb2+ 41. Ka4 Nb6+ 42. Ka3 Rb5 43. a6 Ra5+ 44. Kb4 Rxa6 45. Kb5 Ra2 46. Kxb6 Rd2 0-1

[Event "23rd Hoogeveen Open 2019"]
[Site "Hoogeveen"]
[Date "2019.10.26"]
[Round "9.26"]
[White "Pekin, Tolgay"]
[Black "Barthel, Ansgar"]
[Result "1-0"]
[ECO "B04"]
[WhiteElo "2083"]
[BlackElo "2037"]
[Annotator "NA"]
[PlyCount "44"]
[EventDate "2019.10.19"]
[EventType "swiss"]
[EventCountry "NED"]
[SourceTitle "playchess.com"]
[Source "ChessBase"]
[SourceQuality "1"]
[TimeControl "40/5400+30:1800+30"]

1. e4 Nf6 2. e5 Nd5 3. d4 d6 4. Nf3 dxe5 5. Nxe5 c6 6. Be2 Bf5 7. O-O Nd7 8. Ng4 e6 9. c4 N5f6 10. Ne3 Bg6 11. Nc3 Bd6 12. f4 O-O 13. g3 $11 Ne4 14. f5 exf5 15. Nxf5 Ndf6 16. Bd3 Re8 17. Qc2 Bxf5 18. Rxf5 Bf8 19. Ne2 Qd7 20. Re5 Rxe5 21. dxe5 Nc5 22. Bf5 Qe7 1-0

[Event "23rd Hoogeveen Open 2019"]
[Site "Hoogeveen"]
[Date "2019.10.26"]
[Round "9.27"]
[White "Fehr, Axel"]
[Black "Elgersma, Simon"]
[Result "1/2-1/2"]
[ECO "B12"]
[WhiteElo "2045"]
[BlackElo "2111"]
[Annotator "NA"]
[PlyCount "62"]
[EventDate "2019.10.19"]
[EventType "swiss"]
[EventCountry "NED"]
[SourceTitle "playchess.com"]
[Source "ChessBase"]
[SourceQuality "1"]
[TimeControl "40/5400+30:1800+30"]

1. e4 c6 2. d4 d5 3. e5 Bf5 4. Nf3 e6 5. Be2 Ne7 6. Nbd2 Ng6 (6... c5 $5) 7. Nb3 Nd7 8. Be3 f6 9. exf6 Qxf6 10. Qd2 Bd6 11. h4 Bg4 $15 12. Ng5 Bxe2 13. Qxe2 h6 14. Nf3 Nf4 15. Bxf4 Bxf4 16. g3 Bd6 17. Nh2 O-O-O 18. O-O-O e5 19. Ng4 Qe7 20. Nxe5 Nxe5 21. dxe5 Bxe5 22. Rhe1 Rhe8 23. Qg4+ Qd7 24. Qxd7+ Kxd7 25. c4 Kc7 26. cxd5 Rxd5 27. Rxd5 cxd5 28. Kc2 Re7 29. f4 Bf6 30. Rxe7+ Bxe7 31. h5 Bf6 1/2-1/2

[Event "23rd Hoogeveen Open 2019"]
[Site "Hoogeveen"]
[Date "2019.10.26"]
[Round "9.28"]
[White "Taams, Sander"]
[Black "Slagboom, Leandro"]
[Result "1/2-1/2"]
[ECO "B90"]
[WhiteElo "2094"]
[BlackElo "1954"]
[Annotator "NA"]
[PlyCount "99"]
[EventDate "2019.10.19"]
[EventType "swiss"]
[EventCountry "NED"]
[SourceTitle "playchess.com"]
[Source "ChessBase"]
[SourceQuality "1"]
[TimeControl "40/5400+30:1800+30"]

1. e4 c5 2. Nf3 d6 3. d4 cxd4 4. Nxd4 Nf6 5. Nc3 a6 6. Be3 e5 7. Nb3 Be6 8. f3 h5 9. Qd2 Nbd7 10. O-O-O Be7 11. Qf2 b5 12. Kb1 Qc7 13. Be2 (13. Nd5 $11 Nxd5 14. exd5) 13... b4 14. Nd5 Nxd5 15. exd5 Bf5 16. Bd3 Bxd3 17. Rxd3 a5 18. Nd2 f5 $15 19. Qe2 Nc5 20. Bxc5 Qxc5 21. b3 O-O 22. Nc4 a4 23. Qe3 axb3 24. cxb3 Qxe3 25. Rxe3 Ra6 26. Re2 g6 27. Rc1 Rfa8 28. h3 h4 29. Rg1 f4 30. Rd1 Kf7 31. Rc2 R8a7 32. Nd2 Ke8 33. Ne4 Kd7 34. Rdd2 Kd8 35. Rc4 Rb6 36. Rdc2 Kd7 37. Rc8 Rb5 38. Rg8 Rxd5 39. Rxg6 Rd1+ 40. Kb2 d5 41. Nf2 Re1 42. Rd2 Kc7 43. Nd3 Re3 44. Rg7 Kb6 45. Nc1 Rd7 46. Re2 Rxe2+ 47. Nxe2 d4 48. Kc1 d3 49. Ng1 d2+ 50. Kd1 1/2-1/2

[Event "23rd Hoogeveen Open 2019"]
[Site "Hoogeveen"]
[Date "2019.10.26"]
[Round "9.29"]
[White "Van der Hagen, Loek"]
[Black "Stavast, Dick"]
[Result "1/2-1/2"]
[ECO "C41"]
[WhiteElo "1983"]
[BlackElo "2068"]
[Annotator "NA"]
[PlyCount "119"]
[EventDate "2019.10.19"]
[EventType "swiss"]
[EventCountry "NED"]
[SourceTitle "playchess.com"]
[Source "ChessBase"]
[SourceQuality "1"]
[TimeControl "40/5400+30:1800+30"]

1. e4 d6 2. d4 Nf6 3. Nc3 e5 4. Nf3 Nbd7 5. g4 g6 6. g5 Nh5 7. Be3 Bg7 8. Be2 c6 9. Qd2 a6 10. O-O-O b5 11. d5 $2 (11. h4 $16) 11... c5 12. Rdg1 Qa5 13. Kb1 Nb6 14. Qc1 b4 15. Nd1 Nf4 $16 (15... O-O $14) 16. Bxf4 exf4 17. Qxf4 O-O 18. Qxd6 Bd7 19. Nd2 Ba4 20. Nb3 Bxb3 21. cxb3 Rfe8 22. Qf4 Nxd5 23. Qf3 Nc7 24. Bc4 Ne6 25. Ne3 Qc7 26. Bxe6 Rxe6 27. Nc4 Rae8 28. Qg3 Qe7 29. f3 f5 30. exf5 gxf5 31. h4 Re2 32. h5 Bd4 33. Rd1 Qe6 34. g6 h6 35. Rh2 f4 36. Qxf4 Rxh2 37. Qxh2 Qf5+ 38. Ka1 Qxf3 39. Rc1 Re2 40. Qb8+ Kg7 41. Qa7+ Kf8 42. Qxa6 Qf4 43. Qa8+ Kg7 44. Qb7+ Kg8 45. Rd1 Kf8 46. Qc8+ Kg7 47. Qd7+ Kf6 48. g7 Qg3 49. Rf1+ Rf2 50. g8=N+ Qxg8 51. Qd6+ Kf5 52. Rxf2+ Bxf2 53. Qe5+ Kg4 54. Qe4+ Kxh5 55. Qh1+ Bh4 56. Ne3 Qg3 57. Qd1+ Kg6 58. Qd3+ Kf6 59. Qd8+ Ke6 60. Qd5+ {[%emt 0:00:11] Ke5} 1/2-1/2

[Event "23rd Hoogeveen Open 2019"]
[Site "Hoogeveen"]
[Date "2019.10.26"]
[Round "9.30"]
[White "Garcia Morales, Ivette Ale"]
[Black "Achuthan, Dylan"]
[Result "1-0"]
[ECO "A45"]
[WhiteElo "2013"]
[BlackElo "1865"]
[Annotator "NA"]
[PlyCount "81"]
[EventDate "2019.10.19"]
[EventType "swiss"]
[EventCountry "NED"]
[SourceTitle "playchess.com"]
[Source "ChessBase"]
[SourceQuality "1"]
[TimeControl "40/5400+30:1800+30"]

1. d4 Nf6 2. Bg5 g6 3. Bxf6 exf6 4. e3 Bg7 5. Ne2 d5 6. Nf4 Be6 7. c4 c6 8. Nc3 dxc4 9. Nxe6 fxe6 10. Bxc4 Qe7 $16 11. Qb3 Kf7 12. d5 Re8 13. dxe6+ Kf8 14. Rd1 b5 15. Nxb5 cxb5 16. Bd5 Na6 17. Bxa8 Rxa8 18. Rd7 Qb4+ 19. Qxb4+ Nxb4 20. O-O Nc6 21. Rc1 Ne5 22. Rb7 Re8 23. Rcc7 Bh8 24. Rxh7 Kg8 25. Rhc7 a6 26. f4 Nc4 27. f5 gxf5 28. h4 Nxe3 29. h5 Ng4 30. g3 f4 31. Re7 Rc8 32. Rec7 Re8 33. Re7 Rc8 34. Rbc7 Rd8 35. gxf4 f5 36. Rcd7 Rc8 37. h6 Nxh6 38. Rh7 Ng4 39. Rh5 Rc1+ 40. Kg2 Rc2+ 41. Kg3 1-0

[Event "23rd Hoogeveen Open 2019"]
[Site "Hoogeveen"]
[Date "2019.10.26"]
[Round "9.31"]
[White "Shakhverdian, William"]
[Black "Tabak, Stefan"]
[Result "0-1"]
[ECO "A88"]
[WhiteElo "2109"]
[BlackElo "2181"]
[Annotator "NA"]
[PlyCount "50"]
[EventDate "2019.10.19"]
[EventType "swiss"]
[EventCountry "NED"]
[SourceTitle "playchess.com"]
[Source "ChessBase"]
[SourceQuality "1"]
[TimeControl "40/5400+30:1800+30"]

1. d4 f5 2. g3 Nf6 3. Bg2 g6 4. c4 Bg7 5. Nf3 d6 6. O-O O-O 7. Nc3 c6 8. Qc2 Qe8 9. b3 h6 10. Ba3 g5 11. Rad1 Qh5 12. e4 (12. Rfe1 $14) 12... fxe4 13. Nxe4 Bg4 14. Ned2 Nbd7 15. Rde1 Rf7 16. Re3 Nf8 $14 17. Rfe1 Ng6 18. h3 Bxh3 19. Bxh3 g4 20. Bg2 gxf3 21. Bxf3 Ng4 22. Bxg4 Qxg4 23. Qe4 Nf4 24. Rf3 Raf8 25. Ree3 Bxd4 0-1

[Event "23rd Hoogeveen Open 2019"]
[Site "Hoogeveen"]
[Date "2019.10.26"]
[Round "9.32"]
[White "Noordenbos, Daan"]
[Black "Merkon, Oseb"]
[Result "1/2-1/2"]
[ECO "B33"]
[WhiteElo "2133"]
[BlackElo "1930"]
[Annotator "NA"]
[PlyCount "118"]
[EventDate "2019.10.19"]
[EventType "swiss"]
[EventCountry "NED"]
[SourceTitle "playchess.com"]
[Source "ChessBase"]
[SourceQuality "1"]
[TimeControl "40/5400+30:1800+30"]

1. e4 c5 2. Nf3 Nc6 3. d4 cxd4 4. Nxd4 Nf6 5. Nc3 e5 6. Ndb5 d6 7. Nd5 Nxd5 8. exd5 Nb8 9. a4 Be7 10. Be3 a6 11. Na3 O-O 12. Nc4 Nd7 13. Be2 f5 14. f3 Qe8 15. f4 e4 16. O-O $14 Nf6 17. Nb6 Rb8 18. a5 Ng4 19. Bd4 Bf6 20. Ra3 Bxd4+ 21. Qxd4 Nf6 22. b4 Nd7 23. Nc4 Qe7 24. Rg3 Nf6 25. Nb6 Nd7 26. c4 Qf6 27. Qxf6 Rxf6 28. Kf2 Kf7 29. Ke3 g6 30. Rh3 h5 31. Kd4 Ke7 32. Rh4 Nxb6 33. axb6 Bd7 34. Rh3 Rff8 35. Rg3 Kf6 36. h4 Rfe8 37. Ra1 Rbd8 38. Ra5 Re7 39. Re3 Be8 40. Bd1 Rc8 41. Bb3 Rd8 42. Rc3 Bd7 43. Ke3 Ree8 44. Rc2 Ke7 45. Ra1 Rc8 46. Kd4 Kf6 47. Rc3 e3 48. Rxe3 Rxe3 49. Kxe3 Re8+ 50. Kd3 Re4 51. g3 Ke7 52. Rf1 Kf6 53. Bd1 Rxc4 54. Kxc4 Bb5+ 55. Kd4 Bxf1 56. Ba4 Bb5 57. Bb3 Bf1 58. Kc3 Bb5 59. Kb2 Ke7 1/2-1/2

[Event "23rd Hoogeveen Open 2019"]
[Site "Hoogeveen"]
[Date "2019.10.26"]
[Round "9.34"]
[White "Van der Veen, Jan"]
[Black "Labruyere, Roger"]
[Result "0-1"]
[ECO "B52"]
[WhiteElo "2043"]
[BlackElo "1932"]
[Annotator "NA"]
[PlyCount "76"]
[EventDate "2019.10.19"]
[EventType "swiss"]
[EventCountry "NED"]
[SourceTitle "playchess.com"]
[Source "ChessBase"]
[SourceQuality "1"]
[TimeControl "40/5400+30:1800+30"]

1. e4 c5 2. Nf3 d6 3. Bb5+ Bd7 4. Bxd7+ Qxd7 5. O-O Nc6 6. c3 Nf6 7. Re1 e6 8. d4 cxd4 9. cxd4 d5 10. e5 Ne4 11. Nbd2 Nxd2 12. Bxd2 Be7 13. Bg5 O-O 14. Bxe7 Qxe7 15. Re3 {[%emt 0:04:01] B52: Sicilian: Moscow Variation with 3...Bd7} (15. Qd2 Rfc8 16. a3 a5 17. Rac1 Qd8 18. Rc5 b6 19. Rc3 Ne7 20. Rd3 Qc7 21. Rc3 Qd7 22. Rb3 Rab8 {½-½ (62) Schneider,D (2477)-Riordan,C (2339) ICC INT 2012}) 15... Rac8 16. Rc1 Na5 17. Rec3 Rxc3 18. Rxc3 Qb4 19. Qc1 Nc6 $11 ({Predecessor:} 19... h6 20. h3 b5 21. b3 a6 {1-0 (38) Ivekovic,B (1921)-Mikes,J (1815) Vung Tau 2008}) 20. a3 Qb6 21. Qd2 a5 22. b3 h6 23. g3 Na7 24. a4 Nc6 25. Rd3 Rc8 26. Rc3 Qb4 27. Qb2 Kf8 28. Rc5 Qb6 29. Ne1 Ke7 30. Kg2 Kd7 31. Nd3 Qa6 32. Rb5 b6 33. Qa3 Nxd4 34. Qd6+ Ke8 35. Nc5 Qa7 36. Rxb6 Nf5 37. Nb7 Nxd6 38. Nxd6+ Kd7 0-1

[Event "23rd Hoogeveen Open 2019"]
[Site "Hoogeveen"]
[Date "2019.10.26"]
[Round "9.35"]
[White "Gijsen, William"]
[Black "Klaren, Duncan"]
[Result "1-0"]
[ECO "B90"]
[WhiteElo "2091"]
[BlackElo "1923"]
[Annotator "NA"]
[PlyCount "61"]
[EventDate "2019.10.19"]
[EventType "swiss"]
[EventCountry "NED"]
[SourceTitle "playchess.com"]
[Source "ChessBase"]
[SourceQuality "1"]
[TimeControl "40/5400+30:1800+30"]

1. e4 c5 2. Nf3 d6 3. d4 cxd4 4. Nxd4 Nf6 5. Nc3 a6 6. Be3 e5 7. Nb3 Be6 8. Qd2 Nbd7 9. f3 Rc8 10. O-O-O b5 11. g4 Be7 12. Kb1 O-O 13. h4 Nb6 14. Bg5 b4 15. Bxf6 Bxf6 16. Nd5 $14 Bxd5 17. exd5 Qc7 18. g5 Be7 19. Bh3 Rb8 20. Na5 Nc4 21. Nxc4 Qxc4 22. h5 g6 23. hxg6 hxg6 24. Rde1 Qh4 25. Bg4 Qxg5 26. Qh2 Kg7 27. f4 exf4 28. Qh7+ Kf6 29. Be6 fxe6 30. Rxe6+ Kf5 31. Qh3+ 1-0